AoeStats
← Ux'RaúlME

Nomad

509463697Analyzed
2v2 RM · 5d ago on Sep 26, 2026· 24m 57s· 4 players
Game mode
Random Map
Map size
176×176
Population
200
Speed
Normal
Resources
Standard
Victory
Conquest
Starting age
Dark Age
Ending age
Imperial Age
RankedLock teamsTeams togetherTeam positionsShared explorationLock speedFull tech treeHidden civsTurbo modeCheats
Victory
Defeat
🇲🇽 Malay · Mexico
1233
+18
🇲🇽 Persians · Mexico
1153
+21
🇮🇹 Vietnamese · Italy
1319
-22
🇨🇦 Saxons · Canada
1219
-17
Slawter
5:03 Loom
12:41 Feudal Age
13:44 Double-Bit Axe
19:35 Castle Age
18:00 Gold Mining
18:31 Fletching
20:05 Crossbowman
21:36 Bodkin Arrow
GdR_Salinaro
5:29 Loom
12:53 Feudal Age
13:33 Double-Bit Axe
17:46 Fishing Lines
23:02 Castle Age
22:42 Stone Mining
22:43 Gold Mining
Ux'RaúlME
4:47 Loom
13:10 Feudal Age
16:55 Castle Age
15:22 Stone Mining
24:08 Arson
24:25 Squires
Ux'RaulitoMD
4:31 Loom
12:55 Feudal Age
19:23 Castle Age
19:03 Horse Collar
21:37 Fletching
Connection lost

Rejoining the realm…

Still unreachable

The connection could not be restored.

Session expired

The server has moved on; the page needs a fresh start.